nyob, chaotic male human Ranger ------------ --------------- ------- |..........| |...........d@| !)!)(%| |...........# |...........:[s##### %+*%!+| |.{........|# ------ |.............| .=[%%/[| -|-|--------# |....-# |.............+ |.+)+[[(| # ## # #-....|# |.......p..p.<| ##-.[[%%*?| # # ###|....|# -.-----------.- # |.![(()!| ### # # ------### ## # # -------- # # ### # # # # # # # ### ### ### # # ############# # --|------ * # ---------.- #-------# ###|>......| ----.---# |.........| #|.....|# #........| |......|# |.........-#####......|# |...)...| |......|# |.........| |......# --------- |.......# |.......>.| ------- -------- ----------- nyob the Trailblazer Experience level: 6 Strength: 15 Dexterity: 9 Constitution: 16 Intelligence: 13 Wisdom: 16 Charisma: 8 Health: 0(45) Energy: 34(34) Def: 2 Gold: 459 Moves: 2382 Dungeon seed: v3R17aq2-naWuwM- Game ID: nyob_1522161731 Your Inventory: Coins $ - 459 gold pieces Weapons a - a +1 dagger b - a +1 bow c - 25 +2 arrows (in quiver) d - 30 +0 arrows p - 13 +0 arrows t - 15 +0 daggers v - a blessed +0 dagger M - 5 cursed -1 arrows R - the blessed rustproof +0 Stormbringer (weapon in hand) X - 2 +1 daggers Armor e - an uncursed +2 cloak of displacement y - an uncursed +0 elven mithril-coat B - an uncursed +0 pair of iron shoes (being worn) T - an uncursed +0 dwarvish iron helm Comestibles f - 4 uncursed cram rations j - an uncursed egg L - 2 uncursed slime molds Scrolls i - a cursed scroll of blank paper o - an uncursed scroll of light O - 2 uncursed scrolls of blank paper V - an uncursed scroll of amnesia Potions A - a blessed potion of object detection F - a cursed potion of sickness J - an uncursed potion of healing W - an uncursed potion of object detection named object detection Rings w - a cursed +3 ring of gain strength Tools h - an uncursed credit card r - 12 uncursed tallow candles (0:200) K - an uncursed wax candle (0:400) P - a cursed oil lamp (0:1147) U - an uncursed partly used wax candle (lit) (0:22) Gems z - an uncursed jasper stone G - 2 uncursed worthless pieces of black glass N - an uncursed worthless piece of red glass Y - an uncursed worthless piece of violet glass Spells and supernatural/magical abilities: Name Level Category Fail Memory W - pray for help -- divine ? -- Your skills at the end: Fighting Skills Weapon Skills dagger [Basic] bow [Skilled] Spellcasting Skills Final Attributes: You were piously aligned. You were level-drain resistant. You had automatic searching. You are dead. Vanquished creatures: a leprechaun a dingo a wood nymph 3 gnome lords 5 gnomish wizards 2 paper golems 2 giant ants 6 dwarves a kobold lord 2 hill orcs a rothe a centipede a giant bat 3 orc zombies 3 iguanas 3 killer bees 2 coyotes 2 gas spores 4 hobbits 2 yellow molds 15 gnomes 2 garter snakes 3 geckos a fox 2 goblins 5 grid bugs 3 lichens a kobold zombie 5 newts 83 creatures vanquished. Voluntary challenges: You followed a strict vegan diet. You had been an atheist until turn 1865. You used a wielded weapon 28 times, starting on turn 1. You read items or engraved 2 times, starting on turn 2358. You never genocided any monsters. You never polymorphed an object. You never changed form. You used no wishes. You never split a pudding. You never wrote Elbereth's name. You never violated your personal moral code. Dungeon overview: The Dungeons of Doom: levels 1 to 3 Level 1 a long staircase Level 2 a general store, a fountain Level 3 <- You were here a general store, a fountain stairs to The Gnomish Mines The Gnomish Mines: levels 4 to 6 Level 4 stairs to The Dungeons of Doom Level 5 Level 6 some shops, a temple to Mars, some fountains History has recorded: On T:1 you entered the Dungeons of Doom to retrieve the Amulet of Yendor! On T:216 you reached level 2 of The Dungeons of Doom. On T:489 you advanced to experience level 2. On T:504 you reached level 3 of The Dungeons of Doom. On T:818 you reached level 1 of The Gnomish Mines. On T:854 you advanced to experience level 3. On T:952 you advanced to experience level 4. On T:1329 you advanced to experience level 5. On T:1472 you reached level 2 of The Gnomish Mines. On T:1686 you reached level 3 of The Gnomish Mines. On T:1755 you advanced to experience level 6. On T:1866 you received Stormbringer from Mars. Score breakdown: Gold: 459 ( 9057 points) Experience: 6 levels (12456 points) Exploration: 6 levels ( 12.24%) ( 9682 points) Discoveries: 4 items ( 1.34%) ( 3469 points) Valuables value: (no points given unless you survive) Artifact value: 8000 (13277 points) Variety of kills: 29 monsters ( 7.61%) ( 8276 points) Turncount: 2382 turns ( -259 points) Survival: died (score multiplied by 80%) Total score: 44766 Latest messages: You are beginning to feel hungry. The black blade draws the life from the hill orc! You kill the hill orc! The iguana bites! The hill orc hits! The black blade draws the life from the hill orc! You kill the hill orc! You miss the iguana. The iguana bites! Stupid eats a hill orc corpse. Stupid bites the lichen. The lichen is killed! The black blade draws the life from the iguana! You kill the iguana! The black blade draws the life from the iguana! The iguana bites! You miss the iguana. (2x) The iguana bites! You miss the iguana. Stupid picks up a hooded cloak. You hear water falling on coins. You miss the iguana. The iguana bites! The centipede bites! The centipede's bite was poisoned! You die... Final status: Goodbye nyob the Ranger, poisoned by a centipede... You died in The Dungeons of Doom on dungeon level 3 with 44766 points, and 459 pieces of gold, after 2382 moves. You were level 6 with a maximum of 45 hit points when you died.